 Dungeon Crawl Stone Soup version 0.18.1-6-gd335043 (webtiles) character file.

20 HungrySpirit the Insei (level 2, -5/18 HPs)
             Began as an Octopode Transmuter on May 18, 2016.
             Slain by a gnoll
             ... wielding a +0 halberd
              (11 damage)
             ... on level 1 of the Dungeon.
             The game lasted 00:00:42 (236 turns).

HungrySpirit the Insei (Octopode Transmuter)         Turns: 236, Time: 00:00:43

Health: -5/18      AC:  1    Str:  9    XL:     2   Next: 79%
Magic:  4/5        EV: 12    Int: 15    God:
Gold:   48         SH:  0    Dex: 12    Spells: 1 memorised, 4 levels left

rFire  . . .     SeeInvis .       - Unarmed
rCold  . . .     Gourm    .     (no shield)
rNeg   . . .     Faith    .     (helmet restricted)
rPois  .         Spirit   .     (no amulet)
rElec  .         Dismiss  .     (no ring)
rCorr  .         Reflect  .     (no ring)
SustAt .         Harm     .     (no ring)
MR     .....                    (no ring)
Stlth  ++........               (no ring)
                                (no ring)
                                (no ring)
                                (no ring)

@: appendage (expiring), not resistant to hostile enchantments, unstealthy
A: almost no armour, amphibious, 8 rings, constrict 8, tentacle spike 3,
camouflage 1, gelatinous body 1
a: End Transformation


You were on level 1 of the Dungeon.
You were not hungry.
One of your tentacles had a temporary spike.
You visited 1 branch of the dungeon, and saw 1 of its levels.

You collected 48 gold pieces.

Inventory:

Missiles
 a - 38 arrows
Armour
 h - a cursed +0 buckler
Scrolls
 e - 2 scrolls of enchant weapon {unknown}
Potions
 g - a potion of resistance {unknown}
Books
 b - a book of Changes

   Spells                             Type                      Level
   a - Beastly Appendage              Transmutation                1
   b - Sticks to Snakes               Transmutation                2
   c - Spider Form                    Transmutation/Poison         3
   d - Ice Form                       Ice/Transmutation            4
   e - Blade Hands                    Transmutation                5
Comestibles
 c - a bread ration
 d - a beef jerky
 f - a chunk of flesh


   Skills:
 + Level 1.4 Fighting
 - Level 2.0 Dodging
 * Level 3.5 Unarmed Combat
 - Level 2.0 Spellcasting
 + Level 2.4 Transmutations


You had 4 spell levels left.
You knew the following spells:

 Your Spells              Type           Power        Failure   Level  Hunger
a - Beastly Appendage     Trmt           #.....       12%         1    #......


Dungeon Overview and Level Annotations

Branches:
Dungeon (1/15)

Altars:


Innate Abilities, Weirdness & Mutations

You cannot wear most types of armour.
You are amphibious.
You can wear up to eight rings at the same time.
You can use your tentacles to constrict eight enemies at once.
Your skin changes colour to match your surroundings (Stealth).
Your rubbery body absorbs attacks (AC +1).
One of your tentacles bears a large vicious spike.


Message History

The gnoll is lightly wounded.
The gnoll misses you.
You tentacle-slap the gnoll. You grab the gnoll.
The gnoll is moderately wounded.
You constrict the gnoll, but do no damage.
The gnoll misses you.
You tentacle-slap the gnoll.
The gnoll is moderately wounded.
Your transformation is almost over.
You constrict the gnoll, but do no damage.
The gnoll hits you with a halberd!
Ouch! That really hurt!
You tentacle-slap the gnoll.
The gnoll is heavily wounded.
You constrict the gnoll, but do no damage.
You tentacle-slap the gnoll.
You pierce the gnoll, but do no damage.
The gnoll is heavily wounded.
You constrict the gnoll. The gnoll hits you with a halberd!
Ouch! That really hurt!
You die...

#...# #..##### #...#
#......# #### #...#
#......##..... #.(.#
#.........# ##
#...###......####
#............#######
#...................
#...##.......#######
#..@##.......#####..
#..g##..............
######.#............
#.#...........#
###.#..[........#
#...............#
#.........†....##
#..............#
#..............#


You could see a gnoll.

Vanquished Creatures
  An ooze (D:1)
  A worm (D:1)
  A dart slug (D:1)
  A giant gecko (D:1)
  A hobgoblin (D:1)
  3 kobolds (D:1)
  2 bats (D:1)
10 creatures vanquished.

Notes
Turn   | Place    | Note
--------------------------------------------------------------
     0 | D:1      | HungrySpirit the Octopode Transmuter began the quest for the Orb.
     0 | D:1      | Reached XP level 1. HP: 13/13 MP: 3/3
     6 | D:1      | Noticed a hound
     6 | D:1      | Noticed a komodo dragon
     7 | D:1      | Noticed a salamander
    90 | D:1      | Reached XP level 2. HP: 16/18 MP: 5/5
   236 | D:1      | Slain by a gnoll

Action                   || total
-------------------------++-------
Melee: Unarmed           ||    27
       Constrict         ||     8
       Tentacles         ||     5
       Kick              ||     3
       Punch             ||     1
 Cast: Beastly Appendage ||     4
 Stab: Sleeping          ||     2
Armor: Skin              ||     3
Dodge: Dodged            ||    13
